 Dungeon Crawl Stone Soup version 0.30.0-5-g1a98f26d00 (webtiles) character file.

Game seed: 3675875556551296009

20 Woods the Ruffian (level 2, -6/26 HPs)
             Began as a Naga Transmuter on May 11, 2023.
             Mangled by a gnoll
             ... wielding a +0 spear
              (8 damage)
             ... on level 1 of the Dungeon.
             The game lasted 00:01:49 (1158 turns).

Woods the Ruffian (Naga Transmuter)                 Turns: 1158, Time: 00:01:49

Health: -6/26      AC:  2    Str: 12    XL:     2   Next: 79%
Magic:  5/5        EV:  9    Int: 13    God:
Gold:   39         SH:  0    Dex: 11    Spells: 2/5 levels left

rFire   . .          .
                       - Unarmed
rCold   . . .        (no shield)
rNeg    . . .        e - +0 leather armour
rPois   +            (no helmet)
rElec   .            (no cloak)
rCorr   .            (no gloves)
SInv    +            (no barding)
Will    .....        (no amulet)
Stlth   +            (no ring)
HPRegen 0.24/turn    (no ring)
MPRegen 0.09/turn

%: no passive effects
@: very slow
A: AC +0, large, see invisible, deformed body, poison resistance, slowness 2,
spit poison 1, naga tail 1
a: Spit Poison


You were on level 1 of the Dungeon.
You visited 1 branch of the dungeon, and saw 2 of its levels.

You collected 39 gold pieces.

Inventory:

Armour
 a - a +0 robe
 e - a +0 leather armour (worn)
 l - a +0 scale mail
Scrolls
 c - a scroll of poison {unknown}
 f - a scroll of teleportation {unknown}
 g - a scroll of silence {unknown}
 h - 3 scrolls of identify {unknown}
 i - a scroll of vulnerability {unknown}
Potions
 b - a potion of lignification
 d - 2 potions of curing {unknown}
 j - a potion of magic {unknown}
 k - a potion of heal wounds {unknown}


   Skills:
 * Level 2.2 Fighting
 - Level 1.5 Dodging
 + Level 3.3 Unarmed Combat
 - Level 2.0 Spellcasting
 - Level 2.0 Transmutations


You had 2 spell levels left.
You knew the following spells:

 Your Spells              Type           Power      Damage    Failure   Level
a - Beastly Appendage     Tmut           12%        N/A       14%         1
b - Wereblood             Tmut           6%         N/A       22%         2

Your spell library contained the following spells:

 Spells                   Type           Power      Damage    Failure   Level
 Spider Form              Tmut/Pois      3%         N/A       54%         3
 Ice Form                 Ice/Tmut       3%         N/A       91%         4


Dungeon Overview and Level Annotations

Branches:
Dungeon (2/15)

Altars:


Innate Abilities, Weirdness & Mutations

Your serpentine skin is tough. (AC +0)
You have supernaturally acute eyesight. (SInv)
Armour fits poorly on your strangely shaped body.
Your system is resistant to poisons. (rPois)
You cover ground very slowly.
You can spit poison.
You have a snake-like lower body.


Message History

Done exploring.
Done exploring.
You see here a +0 leather armour.
There is a stone staircase leading down here.
You climb downwards.
The gnoll shouts!
The goblin shouts!
The gnoll shouts!
You hear a shout!
Found Great Wizards, Vol.
VII.
Found an escape hatch in the floor.
There is a stone staircase leading up here.
The goblin hits you with a +0 club.
You climb upwards.
There is a stone staircase leading down here.
You barely miss the goblin. The goblin closely misses you.
You hit the goblin.
The goblin is severely wounded.
The goblin hits you with a +0 club.
You barely miss the goblin.
The goblin is severely wounded.
The goblin hits you with a +0 club.
You hit the goblin.
You kill the goblin!
There is a stone staircase leading down here.
You see here a +0 club.
You start resting.
HP restored.
There is a stone staircase leading down here.
You climb downwards.
The adder hisses angrily.
The gnoll shouts! x2; You hear an angry hiss.
There is a stone staircase leading up here.
The gnoll closely misses you. The gnoll hits you with a +0 spear.
The gnoll hits you but does no damage.
You climb upwards.
There is a stone staircase leading down here.
The gnoll attacks as you move away! The gnoll hits you with a +0 club.
The gnoll hits you from afar with a +0 halberd!
* * * LOW HITPOINT WARNING * * *
The gnoll barely misses you. The gnoll hits you with a +0 spear.
* * * LOW HITPOINT WARNING * * *
The gnoll barely misses you. The gnoll closely misses you.
The gnoll hits you from afar with a +0 spear!
You die...

#.# ..# #.# #.# ### ###
#.#####################.# #..
#.#..[...........g......# #.#
...............g>######.# #.#
..#....#######.#g# #.# #.#
###.##.# ###.#@######'### ###.# #
#.##.# #..............###.#.#
###.##.# #..............#.....#
..#.##.# #..............###.#†.
#.#.##.# #..............# #.#.#
#.#.##.#####..............# #.#.#
#.#.##....................###.#.#
#.#.............................#
#.##########.......##########.###


You could see 3 gnolls.

Vanquished Creatures
  A dart slug (D:1)
  A ball python (D:1)
  4 endoplasms (D:1)
  A giant cockroach (D:1)
  2 goblins (D:1)
  A hobgoblin (D:1)
  3 bats (D:1)
  3 frilled lizards (D:1)
  A rat (D:1)
17 creatures vanquished.

Notes
Turn   | Place    | Note
-------+----------+-------------------------------------------
     0 | D:1      | Woods the Naga Transmuter began the quest for the Orb.
     0 | D:1      | Reached XP level 1. HP: 18/18 MP: 3/3
     2 | D:1      | Noticed a tengu
     2 | D:1      | Noticed a demigod
     4 | D:1      | Noticed a merfolk
     4 | D:1      | Noticed a formicid
     6 | D:1      | Noticed an octopode
     6 | D:1      | Noticed a naga
     8 | D:1      | Noticed a demonspawn
     8 | D:1      | Noticed a ghoul
    10 | D:1      | Noticed a spriggan
    10 | D:1      | Noticed a human
    12 | D:1      | Noticed a vine stalker
    12 | D:1      | Noticed a gargoyle
    14 | D:1      | Noticed a troll
    14 | D:1      | Noticed an ogre
    16 | D:1      | Noticed a minotaur
    18 | D:1      | Noticed an elf
    18 | D:1      | Noticed a felid
    20 | D:1      | Noticed an armataur
    22 | D:1      | Noticed a draconian
    22 | D:1      | Noticed a vampire
    24 | D:1      | Noticed a troll
    24 | D:1      | Noticed a meteoran
    26 | D:1      | Noticed an elf
    26 | D:1      | Noticed an armataur
   310 | D:1      | Reached XP level 2. HP: 26/26 MP: 3/5
   313 | D:1      | Learned a level 2 spell: Wereblood
  1157 | D:1      | HP: 1/26 [gnoll/+0 spear (5)]
  1158 | D:1      | Mangled by a gnoll

Illustrated notes

Levels and vault maps discovered:
D:1:      kb_arrival_jail, layout_basic
D:2:      layout_basic, uniq_crazy_yiuf_cottage, uniq_jessica

Skill      XL: |  1  2 |
---------------+-------+-----
Fighting       | 2 |  2.2
Dodging        | |  1.5
Unarmed Combat | |  3.3
Spellcasting   | |  2.0
Transmutations | |  2.0

Action                     || total
---------------------------++-------
  Melee: Unarmed           ||    38
         Headbutt          ||     6
         Punch             ||     2
   Cast: Beastly Appendage ||    13
Ability: Spit Poison       ||     2
 Armour: Leather armour    ||     9
         Robe              ||     1
  Dodge: Dodged            ||    21
